 Dungeon Crawl Stone Soup version 0.26-a0-1107-g6118521029 (webtiles) character file.

Game seed: 15678422508118226493

1813 kae the Insei (level 8, 0/64 HPs)
             Began as a Demonspawn Monk on Dec 16, 2020.
             Was a Priest of Makhleb.
             Slain by Maggie
             ... wielding a +1 halberd of flaming
              (16 damage)
             ... on level 6 of the Dungeon on Dec 17, 2020.
             The game lasted 00:03:36 (6034 turns).

kae the Insei (Demonspawn Monk)                     Turns: 6034, Time: 00:03:36

Health: 0/64       AC: 12    Str: 14    XL:     8   Next: 84%
Magic:  11/11      EV: 15    Int: 11    God:    Makhleb [***...]
Gold:   312        SH:  0    Dex: 16    Spells: 7/7 levels left

rFire    . . .     SeeInvis +     - Unarmed
rCold    . . .     Faith    .   (no shield)
rNeg     + . .     Spirit   .   d - +3 leather armour
rPois    .         Reflect  .   (no helmet)
rElec    .         Harm     .   (no cloak)
rCorr    .         Rampage  .   q - +0 pair of gloves
Will     .....                  o - +2 pair of boots
Stlth    ++........             (no amulet)
HPRegen  0.20/turn              f - ring of positive energy
MPRegen  0.12/turn              b - ring of see invisible

@: mesmerised
A: hooves 2, powered by pain 1, spiny 1, sharp scales 2
a: Minor Destruction, Lesser Servant of Makhleb, Renounce Religion


You were on level 6 of the Dungeon.
You worshipped Makhleb.
Makhleb was most pleased with you.
You visited 1 branch of the dungeon, and saw 6 of its levels.

You collected 312 gold pieces.

Inventory:

Armour
 a - a +0 robe
 d - a +3 leather armour (worn)
 o - a +2 pair of boots (worn)
 q - a +0 pair of gloves (worn)
Jewellery
 b - a ring of see invisible (right hand)
 c - an uncursed ring of flight {unknown}
 f - a ring of positive energy (left hand)
Wands
 g - a wand of flame (18)
 k - a wand of paralysis (7)
Scrolls
 j - a scroll of noise
 l - a scroll of teleportation
 n - a scroll of amnesia
 p - a scroll of fog {unknown}
 s - a scroll of enchant weapon
 t - a scroll of magic mapping
 v - a scroll of enchant armour
Potions
 e - 2 potions of attraction {unknown}
 h - 3 potions of heal wounds
 i - 2 potions of haste
 m - 3 potions of flight
 r - a potion of might {unknown}
 u - a potion of ambrosia {unknown}


   Skills:
 + Level 6.1 Fighting
 + Level 5.5 Dodging
 - Level 1.7 Stealth
 * Level 7.5 Unarmed Combat
 + Level 5.1 Invocations


You had 7 spell levels left.
You didn't know any spells.
Your spell library contained the following spells:

 Spells                   Type           Power        Failure   Level
 Confusing Touch          Hex            #.......     80%         3
 Gell's Gravitas          Tloc           #.........   80%         3
 Petrify                  Tmut/Erth      #.......     99%         4
 Metabolic Englaciation   Hex/Ice        #.........   100%        5
 Yara's Violent Unravell  Hex/Tmut       #.........   100%        5


Dungeon Overview and Level Annotations

Branches:
Dungeon (6/15)             Temple (0/1) D:4

Altars:
Makhleb

Annotations:
D:6 Maggie


Innate Abilities, Weirdness & Mutations

You have hoof-like feet.
You sometimes gain a little power by taking damage.
You are partially covered in sharp spines.
You are mostly covered in razor-sharp scales. (AC +2, Slay +2)


Message History

Maggie burns you.
* * * LOW HITPOINT WARNING * * *
You hit Maggie.
Maggie is lightly wounded.
The phantom barely misses you.
You hit Maggie.
Maggie is lightly wounded.
Maggie gestures wildly while chanting.
Maggie draws you further into her thrall.
The phantom is struck by your spines. The phantom hits you.
* * * LOW HITPOINT WARNING * * *
You closely miss Maggie.
Maggie is lightly wounded.
Maggie is struck by your spines. Maggie barely misses you.
You hit Maggie.
Maggie is moderately wounded.
The phantom is struck by your spines. The phantom misses you.
Maggie is struck by your spines.
Maggie hits you with a +1 halberd of flaming!
You die...

##### .. ##...
... ####<..
##..###.##..#
#...!#...#..#
...........#
.........W$# .
#....)#@##...#
##..)...@......
##†###.##.##..
#)# #.# #
#.##.# #.#
.###.##.###.##.
...............
..##.##.#######
#.##.##.#


You could see Maggie (mesmerising) and a phantom.

Vanquished Creatures
  5 yaks (D:6)
  Edmund (D:5)
  A hornet zombie (D:5)
  A sky beast (D:6)
  An ice beast (D:6)
  Blork the orc (D:6)
  3 hounds
  A jelly (D:5)
  3 orc priests
  A gnoll shaman (D:3)
  2 orc wizards
  An iguana (D:6)
  Natasha (thrice) (D:3)
  6 gnolls (D:4)
  8 adders
  3 oozes
  An adder zombie (D:5)
  A worm (D:4)
  A dart slug (D:1)
  3 leopard geckos
  9 orcs
  6 bats
  5 giant cockroaches
  7 goblins
  13 hobgoblins
  7 jackals (D:1)
  2 quokkas
  A ball python (D:4)
  7 frilled lizards
  7 kobolds
  A leopard gecko skeleton (D:4)
  10 rats
122 creatures vanquished.

Notes
Turn   | Place    | Note
-------+----------+-------------------------------------------
     0 | D:1      | kae the Demonspawn Monk began the quest for the Orb.
     0 | D:1      | Reached XP level 1. HP: 18/18 MP: 1/1
   134 | D:1      | Reached skill level 3 in Unarmed Combat
   140 | D:1      | Gained mutation: You have large cloven feet. [demonic
                  | ancestry]
   140 | D:1      | Reached XP level 2. HP: 1/24 MP: 2/2
   863 | D:1      | Gained mutation: You sometimes gain a little power by
                  | taking damage. [demonic ancestry]
   863 | D:1      | Reached XP level 3. HP: 29/29 MP: 3/3
  1586 | D:2      | Gained mutation: You have hoof-like feet. [demonic
                  | ancestry]
  1586 | D:2      | Reached XP level 4. HP: 25/35 MP: 4/4
  1805 | D:2      | Found a burning altar of Makhleb.
  1805 | D:2      | Noticed an Executioner
  1825 | D:2      | Noticed a hellwing
  1825 | D:2      | Noticed an orange demon
  1827 | D:2      | Became a worshipper of Makhleb the Destroyer
  1827 | D:2      | Reached * piety under Makhleb
  1827 | D:2      | Reached ** piety under Makhleb
  2770 | D:2      | Reached skill level 4 in Unarmed Combat
  3032 | D:3      | Reached XP level 5. HP: 37/42 MP: 5/5
  3207 | D:3      | Noticed Natasha
  3214 | D:3      | Killed Natasha
  3304 | D:3      | Noticed Natasha
  3313 | D:3      | Killed Natasha
  3545 | D:3      | Noticed Natasha
  3559 | D:3      | Killed Natasha
  3779 | D:4      | Gained mutation: You are partially covered in sharp spines.
                  | [demonic ancestry]
  3779 | D:4      | Reached XP level 6. HP: 48/48 MP: 6/6
  4010 | D:4      | Reached skill level 5 in Unarmed Combat
  4106 | D:4      | Found a staircase to the Ecumenical Temple.
  4265 | D:4      | Reached *** piety under Makhleb
  4630 | D:5      | Entered Level 5 of the Dungeon
  4803 | D:5      | Reached skill level 1 in Invocations
  4870 | D:5      | Gained mutation: You are partially covered in razor-sharp
                  | scales. (AC +1, Slay +1) [demonic ancestry]
  4870 | D:5      | Reached XP level 7. HP: 55/55 MP: 6/8
  5144 | D:5      | Noticed Edmund
  5156 | D:5      | Killed Edmund
  5642 | D:6      | Reached skill level 5 in Fighting
  5642 | D:6      | Reached skill level 6 in Unarmed Combat
  5660 | D:6      | Noticed a yak
  5660 | D:6      | Noticed a yak
  5661 | D:6      | Noticed a yak
  5661 | D:6      | Noticed a yak
  5669 | D:6      | Noticed a yak
  5676 | D:6      | Killed a yak
  5690 | D:6      | Killed a yak
  5691 | D:6      | Gained mutation: You are mostly covered in razor-sharp
                  | scales. (AC +2, Slay +2) [demonic ancestry]
  5691 | D:6      | Reached XP level 8. HP: 53/63 MP: 10/10
  5700 | D:6      | Reached skill level 5 in Dodging
  5717 | D:6      | Reached skill level 7 in Unarmed Combat
  6013 | D:6      | Reached skill level 5 in Invocations
  6013 | D:6      | Noticed Blork the orc
  6018 | D:6      | Noticed Maggie
  6026 | D:6      | Killed Blork the orc
  6034 | D:6      | Slain by Maggie

Illustrated notes

Levels and vault maps discovered:
D:1:      minmay_arrival_four_loops, layout_loops_ring
D:2:      layout_basic, makhleb_altar_promises_db
D:3:      layout_rooms, uniq_natasha
D:4:      layout_rooms, temple_green, dk_noncrumbling_2, minmay_misc_feat_iff
D:5:      layout_loops_corners, uniq_edmund
D:6:      layout_loops_ring, okawaru_ov_weapons_minmay, uniq_eustachio,
          uniq_maggie, uniq_blork_the_orc

Skill      XL: |  1  2  3  4  5  6  7  8 |
---------------+-------------------------+-----
Unarmed Combat | 3 4 5 6 7 |  7.5
Dodging        | 3 4 5 |  5.5
Fighting       | 4 5 6 |  6.1
Invocations    | 1 3 5 |  5.1
Stealth        | |  1.7

Action                   |  1- 3 |  4- 6 |  7- 9 || total
-------------------------+-------+-------+-------++-------
Melee: Unarmed           |   144 |   196 |   125 ||   465
       Punch             |     2 |     5 |     4 ||    11
       Kick              |    24 |    43 |       ||    67
  Use: Scroll            |       |    14 |       ||    14
       Potion            |       |     3 |       ||     3
 Stab: Sleeping          |     1 |     4 |     1 ||     6
Armor: Leather armour    |    37 |    39 |    27 ||   103
Dodge: Dodged            |   106 |   121 |    51 ||   278

Table legend: (Time is in decaauts)
 A = Elapsed time spent in this place.
 B = Non-inter-level travel time spent in this place.
 C = Inter-level travel time spent in this place.
 D = Time resting spent in this place.
 E = Time spent auto-exploring this place.
 F = Levels seen in this place.
 G = Mean time per level.
                   A        B        C        D        E       F      G
               +--------+--------+--------+--------+--------+-----+--------+
         Total |   5999 |   5844 |    155 |    841 |   4123 |   6 |  999.8 |
       Dungeon |   5999 |   5844 |    155 |    841 |   4123 |   6 |  999.8 |
               +--------+--------+--------+--------+--------+-----+--------+

Top non-repeatable levels by time:
     D:2: 1532 daAuts
     D:1: 1275 daAuts
     D:3: 1036 daAuts
     D:5: 991 daAuts
     D:4: 768 daAuts
     D:6: 394 daAuts
